 Dungeon Crawl Stone Soup version 0.24.1-8-ga250c9d538 (webtiles) character file.

Game seed: 5198726488112553753, levelgen mode: deterministic

273 Peloso the Shield-Bearer (level 6, -2/48 HPs)
             Began as a Demonspawn Fighter on May 8, 2020.
             Was an Initiate of Okawaru.
             Succumbed to Eustachio's poison
             ... on level 3 of the Dungeon.
             The game lasted 00:07:56 (2919 turns).

Peloso the Shield-Bearer (Demonspawn Fighter)       Turns: 2919, Time: 00:07:56

Health: -2/48      AC: 14    Str: 18    XL:     6   Next: 3%
Magic:  5/6        EV:  3    Int:  9    God:    Okawaru [......]
Gold:   138        SH:  9    Dex: 15    Spells: 5/5 levels left

rFire    . . .     SeeInvis .   a - +0 long sword
rCold    . . .     Gourm    .   c - +0 shield
rNeg     . . .     Faith    .   m - +0 plate armour
rPois    .         Spirit   .   (no helmet)
rElec    .         Reflect  .   r - +1 cloak {MR+}
rCorr    .         Harm     .   (no gloves)
MR       ++...                  e - +0 pair of boots
Stlth    ..........             q - amulet of inaccuracy (curse)
HPRegen  0.16/turn              k - ring of protection from magic
MPRegen  0.10/turn              (no ring)

@: lethally poisoned (-2 -> -45)
A: thin skeletal structure 1, spiny 1
a: Renounce Religion


You were on level 3 of the Dungeon.
You worshipped Okawaru.
Okawaru was noncommittal.
You were not hungry.

You visited 1 branch of the dungeon, and saw 4 of its levels.

You collected 138 gold pieces.

Inventory:

Hand Weapons
 a - a +0 long sword (weapon)
Armour
 b - a +0 scale mail
 c - a +0 shield (worn)
 e - a +0 pair of boots (worn)
 m - a +0 plate armour (worn)
 r - a +1 cloak of magic resistance (worn)
Jewellery
 k - a ring of protection from magic (left hand)
 q - a cursed amulet of inaccuracy (around neck)
Scrolls
 h - a scroll of fog
 j - 4 scrolls of identify
 l - a scroll of magic mapping
 o - 2 scrolls of amnesia
Potions
 d - a potion of might
 g - 2 potions of magic
 n - a potion of mutation
Comestibles
 f - 7 rations


   Skills:
 + Level 4.0 Fighting
 + Level 3.4 Long Blades
 + Level 3.1 Armour
 + Level 1.2 Dodging
 + Level 4.1 Shields


You had 5 spell levels left.
You didn't know any spells.
Your spell library was empty.

Dungeon Overview and Level Annotations

Branches:
Dungeon (4/15)
 Temple: D:4-7

Altars:
Cheibriados
Hepliaklqana
Okawaru
Ru
Trog
Uskayaw
Wu Jian
Yredelemnul
The Shining One

Annotations:
D:3 Eustachio


Innate Abilities, Weirdness & Mutations

You have a somewhat thin skeletal structure. (Dex +2, Stealth)
You are partially covered in sharp spines.


Message History

The river rat bites you but does no damage.
You closely miss Eustachio.
Eustachio is moderately wounded.
You feel very sick. Eustachio is struck by your spines.
Eustachio hits you with a +3 rapier of venom.
You are more poisoned.
The river rat bites you. Eustachio hits you but does no damage.
You are more poisoned.
Your plate armour prevents you from hitting Eustachio.
Eustachio is heavily wounded.
* * * LOW HITPOINT WARNING * * *
You feel very sick. The river rat bites you.
* * * LOW HITPOINT WARNING * * *
You block Eustachio's attack. The river rat bites you.
* * * LOW HITPOINT WARNING * * *
You closely miss Eustachio.
Eustachio is heavily wounded.
You die...

#.###.#####........#.#
#.#.# #.#
#...........÷..#.# #.#.#
#.###.#####........#.#
#.#.# #.....#
##.....#<#.####.#.# ###..##
##.............#..
#..#########.....#.########
##.......# #######.########
#.#.###.#########.##......
#...# #.r@@br..##.##.#####
#.#.###.######.##...#.....
#.#.....######.#####.#####
#.###<####......†....# #.#
#.# #.###.#####.#
########.###.####.# #.# #.#
..................# #.# #.#
##.######.##.####.###.# #.#
##........##.# #......# #.#


You could see Eustachio, 2 river rats and a bat.

Vanquished Creatures
  2 slaves
  2 hounds (D:3)
  Crazy Yiuf (D:3)
  6 gnolls
  3 adders
  3 oozes
  A worm (D:3)
  A dart slug (D:2)
  3 leopard geckos
  4 giant cockroaches
  8 goblins
  3 hobgoblins
  13 jackals
  A quokka (D:3)
  3 ball pythons
  13 bats
  7 frilled lizards
  6 kobolds
  5 rats
85 creatures vanquished.

Notes
Turn   | Place    | Note
-------+----------+-------------------------------------------
     0 | D:1      | Peloso the Demonspawn Fighter began the quest for the Orb.
     0 | D:1      | Reached XP level 1. HP: 18/18 MP: 1/1
    14 | D:1      | Found an iron altar of Okawaru.
    38 | D:1      | Gained mutation: You are partially covered in sharp spines.
                  | [demonic ancestry]
    38 | D:1      | Reached XP level 2. HP: 4/24 MP: 2/2
    44 | D:1      | Became a worshipper of Warmaster Okawaru
   587 | D:1      | Reached XP level 3. HP: 29/29 MP: 3/3
   821 | D:2      | Gained mutation: You have a somewhat thin skeletal
                  | structure. (Dex +2, Stealth) [demonic ancestry]
   821 | D:2      | Reached XP level 4. HP: 37/37 MP: 4/4
  1408 | D:3      | Reached XP level 5. HP: 28/42 MP: 5/5
  1413 | D:3      | Reached * piety under Okawaru
  1532 | D:3      | Reached skill level 1 in Dodging
  2170 | D:3      | Found a runed translucent door.
  2176 | D:3      | Noticed Crazy Yiuf
  2187 | D:3      | Killed Crazy Yiuf
  2187 | D:3      | Reached XP level 6. HP: 48/48 MP: 6/6
  2348 | D:4      | Found a bloodstained altar of Trog.
  2348 | D:4      | Found a glowing golden altar of the Shining One.
  2348 | D:4      | Found an ornate altar of the Wu Jian Council.
  2357 | D:4      | Found a hazy altar of Hepliaklqana.
  2357 | D:4      | Found a sacrificial altar of Ru.
  2359 | D:4      | Found a snail-covered altar of Cheibriados.
  2359 | D:4      | Found a hide-covered altar of Uskayaw.
  2361 | D:4      | Found a basalt altar of Yredelemnul.
  2374 | D:4      | Noticed a slave
  2375 | D:4      | Noticed a slave
  2443 | D:4      | Noticed Eustachio
  2468 | D:4      | HP: 2/48 [poisoned by Eustachio]
  2476 | D:3      | HP: 2/48 [poisoned by Eustachio]
  2667 | D:2      | Killed a slave
  2811 | D:3      | Killed a slave
  2918 | D:3      | HP: 1/48 [river rat[Eustachio] (5)]
  2919 | D:3      | Succumbed to Eustachio's poison

Levels and vault maps discovered:
D:1:      dpeg_arrival_houses_and_road, layout_rooms, okawaru_ov_weapons_minmay
D:2:      layout_basic, first_ration, kennysheep_generic_room_4
D:3:      layout_loops_ring, uniq_crazy_yiuf_cottage
D:4:      layout_basic, grunt_temple_overflow_open, uniq_eustachio, uniq_pikel

Skill      XL: |  1  2  3  4  5 |
---------------+----------------+-----
Long Blades    | 2 3 |  3.4
Armour         | 3 |  3.1
Shields        | 3 4 |  4.1
Fighting       | 4 |  4.0
Dodging        | 1 |  1.2

Action                   |  1- 3 |  4- 6 || total
-------------------------+-------+-------++-------
Melee: Long sword        |    71 |   204 ||   275
Invok: Heroism           |       |     4 ||     4
  Use: Scroll            |       |     7 ||     7
       Potion            |       |     2 ||     2
 Stab: Invisible         |       |     1 ||     1
  Eat: Chunk             |       |     4 ||     4
       Ration            |       |     1 ||     1
Armor: Scale mail        |    44 |       ||    44
       Chain mail        |    13 |    35 ||    48
       Plate armour      |       |    87 ||    87
Dodge: Dodged            |    30 |    35 ||    65
Block: Shield            |    45 |   123 ||   168
       Rpst.: Long sword |    10 |     9 ||    19
